 Dungeon Crawl Stone Soup version 0.23.1 (webtiles) character file.

Game seed: 10015996297609911916

46 Borgoz the Skirmisher (level 3, -5/31 HPs)
             Began as a Ghoul Abyssal Knight on Mar 2, 2019.
             Was a Follower of Lugonu.
             Slain by Sigmund
             ... wielding a +0 scythe
              (13 damage)
             ... on level 2 of the Dungeon.
             The game lasted 00:02:28 (1024 turns).

Borgoz the Skirmisher (Ghoul Abyssal Knight)        Turns: 1024, Time: 00:02:29

Health: -5/31      AC:  7    Str: 15    XL:     3   Next: 68%
Magic:  3/3        EV: 11    Int:  7    God:    Lugonu [*.....]
Gold:   112        SH:  0    Dex:  9    Spells: 2/2 levels left

rFire    . . .     SeeInvis .     - Unarmed
rCold    + . .     Gourm    .   (no shield)
rNeg     + + +     Faith    .   f - +2 ring mail {MR+}
rPois    ∞         Spirit   .   (no helmet)
rElec    .         Reflect  .   (no cloak)
rCorr    .         Harm     .   (no gloves)
MR       +....                  (no boots)
Stlth    ..........             (no amulet)
HPRegen  0.00/turn              o - ring of wizardry
MPRegen  0.08/turn              (no ring)

@: rotting, hasted, very quick
A: rotting body, claws 1, carnivore, cold resistance 1, negative energy
resistance 3, inhibited regeneration, torment resistance, unbreathing
a: Depart the Abyss, Renounce Religion


You were on level 2 of the Dungeon.
You worshipped Lugonu.
Lugonu was aware of your devotion.
You were not hungry.

You visited 1 branch of the dungeon, and saw 2 of its levels.
You visited the Abyss 1 time.

You collected 112 gold pieces.

Inventory:

Armour
 f - a +2 ring mail of magic resistance (worn)
Jewellery
 o - a ring of wizardry (left claw)
Scrolls
 a - 3 scrolls of remove curse {unknown}
 d - 3 scrolls of identify {unknown}
 e - a scroll of enchant armour {unknown}
 g - a scroll of teleportation {unknown}
 l - a scroll of fear {unknown}
 m - a scroll of fog {unknown}
Potions
 h - a potion of mutation {unknown}
 i - a potion of lignification {unknown}
 j - a potion of magic {unknown}
 k - 2 potions of curing {unknown}
Comestibles
 b - 6 rations
 n - a chunk of flesh


   Skills:
 + Level 3.5 Fighting
 + Level 2.0 Armour
 * Level 1.7 Dodging
 * Level 3.0 Unarmed Combat
 + Level 2.4 Invocations


You had 2 spell levels left.
You didn't know any spells.
Your spell library was empty.

Dungeon Overview and Level Annotations

Branches:
Dungeon (2/15)

Altars:
Nemelex Xobeh
Ru

Annotations:
D:2 Sigmund


Innate Abilities, Weirdness & Mutations

Your body is rotting away.
You thrive on raw meat.
You are immune to poison.
You have sharp fingernails.
You are carnivorous and can eat meat at any time.
Your flesh is cold resistant. (rC+)
You are immune to negative energy. (rN+++)
You do not regenerate when monsters are visible.
You are immune to unholy pain and torment.
You can survive without breathing.


Message History

You miss something. Something hits you but does no damage.
The bat closely misses you.
You scratch the bat but do no damage. The bat hits you but does no damage.
Something hits you.
Your ring mail prevents you from hitting the bat.
The bat barely misses you.
You scratch the bat.
The bat is moderately wounded.
The bat closely misses you. Something hits you. The bat completely misses you.
Something hits you!
You see here a quokka corpse.
You scratch something. You barely miss something.
The bat hits you but does no damage. Something hits you!
* * * LOW HITPOINT WARNING * * *
You closely miss something. You claw something.
The bat hits you but does no damage.
It was a potion of haste.
You feel yourself speed up. The bat closely misses you. Something hits you!
You die...

#.#########################...
####'## #.....$# #...
#.....#########......#########†..
#(....'..............+...........
#.....#########......#########...
#......†..# #........# ####
######....# #..b.....# #....#
#..[.{...# #.†..# #...@....#
###### #....# #..?.....# #.....
#....# #........# #.....
#....###....(...# #.....
#...............# #.....
#.############### #..... #.
#...÷. #. ###..... #.......


You could see a bat.

Vanquished Creatures
  An adder (D:2)
  A leopard gecko (D:1)
  A ball python (D:2)
  5 hobgoblins (D:1)
  A quokka (D:2)
  5 bats
  4 frilled lizards
  7 goblins
  5 kobolds
  7 rats
37 creatures vanquished.

Notes
Turn   | Place    | Note
-------+----------+-------------------------------------------
     0 | Abyss:1  | Borgoz the Ghoul Abyssal Knight began the quest for the
                  | Orb.
     0 | Abyss:1  | Reached XP level 1. HP: 19/19 MP: 1/1
    56 | Abyss:2  | Found a corrupted altar of Lugonu.
   157 | Abyss:2  | Noticed a wretched star
   158 | D:1      | Escaped the Abyss
   173 | D:1      | Reached skill level 1 in Dodging
   225 | D:1      | Reached XP level 2. HP: 15/26 MP: 2/2
   243 | D:1      | Reached * piety under Lugonu
   691 | D:2      | Reached XP level 3. HP: 31/31 MP: 3/3
   774 | D:2      | Found a sacrificial altar of Ru.
   960 | D:2      | Found a sparkling altar of Nemelex Xobeh.
  1008 | D:2      | Noticed Sigmund
  1024 | D:2      | Slain by Sigmund

Skill      XL: |  1  2  3 |
---------------+----------+-----
Dodging        | 1 |  1.7
Armour         | 2 |  2.0
Unarmed Combat | 3 |  3.0
Fighting       | |  3.5
Invocations    | |  2.4

Action                   || total
-------------------------++-------
Melee: Unarmed           ||   131
       Punch             ||     1
Invok: Depart the Abyss  ||     1
  Use: Potion            ||     1
  Eat: Chunk             ||     8
Armor: Scale mail        ||    59
       Ring mail         ||    12
Dodge: Dodged            ||    73
